 Dungeon Crawl Stone Soup version 0.29-a0-477-g62b78b4225 (webtiles) character file.

Game seed: 8965587612690652135

61 lunkers the Grave Robber (level 3, -5/24 HPs)
             Began as a Vampire Necromancer on May 24, 2022.
             Slain by Sigmund
             ... wielding a +0 scythe
              (12 damage)
             ... on level 2 of the Dungeon.
             The game lasted 00:02:40 (1459 turns).

lunkers the Grave Robber (Vampire Necromancer)      Turns: 1459, Time: 00:02:41

Health: -5/24      AC:  2    Str:  7    XL:     3   Next: 83%
Magic:  0/7        EV: 12    Int: 19    God:
Gold:   96         SH:  0    Dex: 14    Spells: 6/7 levels left

rFire   . . .      SeeInvis +   g - +0 whip (elec)
rCold   . . .      Faith    .   (no shield)
rNeg    . . .      Spirit   .   a - +0 robe
rPois   .          Reflect  .   (no helmet)
rElec   .          Harm     .   (no cloak)
rCorr   .          Rampage  .   (no gloves)
Will    .....                   (no boots)
Stlth   ++........              (no amulet)
HPRegen 0.28/turn               (no ring)
MPRegen 0.10/turn               (no ring)

@: healing quickly
A: alive, fangs 3, see invisible, vampiric 2
a: Exsanguinate


You were on level 2 of the Dungeon.
You visited 1 branch of the dungeon, and saw 2 of its levels.

You collected 96 gold pieces.

Inventory:

Hand Weapons
 g - a +0 whip of electrocution (weapon)
Armour
 a - a +0 robe (worn)
 e - +0 ice dragon scales
Jewellery
 j - a ring of ice
Scrolls
 d - a scroll of poison {unknown}
 f - a scroll of vulnerability {unknown}
 h - a scroll of blinking {unknown}
Potions
 b - a potion of magic
 c - a potion of haste {unknown}
 i - a potion of heal wounds {unknown}
 k - a potion of curing {unknown}


   Skills:
 - Level 2.1 Dodging
 - Level 3.0 Stealth
 + Level 2.7 Spellcasting
 * Level 5.6 Necromancy


You had 6 spell levels left.
You knew the following spells:

 Your Spells              Type           Power      Damage    Failure   Level
a - Necrotize             Necr           92%        1d8       1%          1

Your spell library contained the following spells:

 Spells                   Type           Power      Damage    Failure   Level
 Vampiric Draining        Necr           23%        2d7       4%          3
 Animate Dead             Necr           23%        N/A       16%         4
 Blink                    Tloc           4%         N/A       24%         2
 Agony                    Necr           23%        N/A       41%         5
 Manifold Assault         Tloc           2%         N/A       99%         5
 Storm Form               Tmut/Air       1%         N/A       100%        7


Dungeon Overview and Level Annotations

Branches:
Dungeon (2/15)

Altars:

Annotations:
D:2 Sigmund


Innate Abilities, Weirdness & Mutations

Your natural rate of healing is accelerated.
You have razor-sharp teeth.
You have supernaturally acute eyesight. (SInv)
You are afflicted with vampirism and can become a bat while bloodless.


Message History

Confirm with . or Enter, or press ? or * to list all spells.
Sigmund writhes in agony!
Sigmund closely misses you.
Unknown command.
You aren't carrying any items that you can evoke.
Unknown command.
Casting: Necrotize (safe; 1% risk of failure)
Confirm with . or Enter, or press ? or * to list all spells.
Sigmund writhes in agony.
Unknown command.
Casting: Necrotize (safe; 1% risk of failure)
Confirm with . or Enter, or press ? or * to list all spells.
Sigmund writhes in agony.
Sigmund points at you and mumbles some strange words.
You resist with some effort.
Unknown command.
Casting: Necrotize (safe; 1% risk of failure)
Confirm with . or Enter, or press ? or * to list all spells.
Sigmund writhes in agony.
* * * LOW MAGIC WARNING * * *
Sigmund hits you with a +0 scythe!
Ouch! That really hurt!
* * * LOW HITPOINT WARNING * * *
Casting: Necrotize (safe; 1% risk of failure)
Confirm with . or Enter, or press ? or * to list all spells.
Aiming: Necrotize (safe; 1% risk of failure)
Press: ? - help, Shift-Dir - straight line, f/p - Sigmund
Aim: Sigmund, wielding a +0 scythe and wearing a +0 robe (severely wounded, chance to affect: 87%) Sigmund barely resists.
* * * LOW MAGIC WARNING * * *
Sigmund casts a spell.
Sigmund flickers and vanishes for a moment.
Unknown command.
You aren't carrying any items that you can evoke.
Unknown command.
Okay, then.
You hit Sigmund.
Sigmund is almost dead.
Sigmund hits you with a +0 scythe!
Ouch! That really hurt!
You die...

#.# #.#
#.#
#.#######
#.#
#.......#
#.#
#######.#
#.# #.#
#.# #.#
#.# #.#
#@# #.#
#@#
#.#####.#
#.......#
#########


You could see Sigmund (invisible).

Vanquished Creatures
  Terence (D:2)
  3 dart slugs
  6 bats
  An endoplasm (D:1)
  A goblin (D:2)
  2 hobgoblins (D:1)
  3 jackals (D:2)
  4 kobolds (D:1)
  A quokka (D:1)
  3 ball pythons
  2 frilled lizards (D:1)
  5 rats (D:1)
32 creatures vanquished.

Notes
Turn   | Place    | Note
-------+----------+-------------------------------------------
     0 | D:1      | lunkers the Vampire Necromancer began the quest for the
                  | Orb.
     0 | D:1      | Reached XP level 1. HP: 13/13 MP: 3/3
   502 | D:1      | Reached XP level 2. HP: 19/19 MP: 0/5
   687 | D:1      | Reached skill level 5 in Necromancy
  1173 | D:2      | Gained mutation: You are afflicted with vampirism and can
                  | become a bat while bloodless. [Vampire growth]
  1173 | D:2      | Reached XP level 3. HP: 24/24 MP: 3/6
  1204 | D:2      | Noticed Terence
  1213 | D:2      | Killed Terence
  1449 | D:2      | Noticed Sigmund
  1459 | D:2      | Slain by Sigmund

Illustrated notes

Levels and vault maps discovered:
D:1:      psy_arrival_basics, layout_loops_ring
D:2:      layout_loops_ring, basic_ecumenical_altar, basic_altar, uniq_terence,
          uniq_sigmund

Skill      XL: |  1  2 |
---------------+-------+-----
Necromancy     | 5 |  5.6
Dodging        | |  2.1
Stealth        | |  3.0
Spellcasting   | |  2.7

Action                   || total
-------------------------++-------
Melee: Unarmed           ||     6
       Whip              ||    20
 Cast: Necrotize         ||    63
Armor: Robe              ||     1
Dodge: Dodged            ||    29

Table legend: (Time is in decaauts)
 A = Elapsed time spent in this place.
 B = Non-inter-level travel time spent in this place.
 C = Inter-level travel time spent in this place.
 D = Time resting spent in this place.
 E = Time spent auto-exploring this place.
 F = Levels seen in this place.
 G = Mean time per level.
                   A        B        C        D        E       F      G
               +--------+--------+--------+--------+--------+-----+--------+
         Total |   1460 |   1437 |     23 |     61 |   1156 |   2 |  730.0 |
       Dungeon |   1460 |   1437 |     23 |     61 |   1156 |   2 |  730.0 |
               +--------+--------+--------+--------+--------+-----+--------+

Top non-repeatable levels by time:
     D:1: 1154 daAuts
     D:2: 305 daAuts
